PAAA
CALGARY LYNX @ BALTIMORE BLACK SOX
08/11/2033
 
TOP OF THE 1ST
Calgary Lynx batting - Pitching for Baltimore Black Sox : RHP Mario Gonzáles
Pitching: RHP Mario Gonzáles
Batting: RHB Sixto Estrada 0-0: Called Strike
0-1: Called Strike
0-2: Ball
1-2: Ball
2-2: Ball
3-2: Ground out 6-3 (Groundball, 6S)
Batting: LHB Daniel García 0-0: Called Strike
0-1: SINGLE (Line Drive, 3D)
Batting: LHB Michael Ward 0-0: Foul Ball, location: 2F
0-1: Foul Ball, location: 2F
0-2: Strikes out swinging
Batting: RHB Ángelo Delgado 0-0: Ball
1-0: Ball
2-0: SINGLE (Line Drive, 78S)
Daniel García to second
Runner from 2nd tries for 3rd, SAFE, no throw
Batting: LHB Juan Aranda 0-0: Ball
1-0: Fly out, F9 (Flyball, 9)
Top of the 1st over - 0 runs, 2 hits, 0 errors, 2 left on base; Calgary 0 - Baltimore 0
BOTTOM OF THE 1ST
Baltimore Black Sox batting - Pitching for Calgary Lynx : RHP Xiao-shuang Wong
Pitching: RHP Xiao-shuang Wong
Batting: LHB Tomás Valenzuela 0-0: Ground out U3 (Groundball, 3)
Batting: RHB Jeb Sexton 0-0: Called Strike
0-1: Ground out U3 (Groundball, 34)
Batting: LHB Shigenobu Ohayashi 0-0: Ball
1-0: Swinging Strike
1-1: Ball
2-1: Foul Ball, location: 2F
2-2: Foul Ball, location: 2F
2-2: Foul Ball, location: 2F
2-2: Ball
3-2: Strikes out looking
Bottom of the 1st over - 0 runs, 0 hits, 0 errors, 0 left on base; Calgary 0 - Baltimore 0
TOP OF THE 2ND
Calgary Lynx batting - Pitching for Baltimore Black Sox : RHP Mario Gonzáles
Batting: RHB José de la Cavallería 0-0: Foul Ball, location: 2F
0-1: Ball
1-1: Ball
2-1: Called Strike
2-2: Fly out, F6 (Line Drive, 6)
Batting: RHB Luis Delvalle 0-0: Foul Ball, location: 2F
0-1: Fly out, F6 (Popup, 6M)
Batting: RHB Cody Jaeckel 0-0: Ball
1-0: Ball
2-0: Called Strike
2-1: Ball
3-1: Base on Balls
Batting: RHB Rubén Medina 0-0: Ball
1-0: Ball
2-0: Ball
3-0: Base on Balls
Cody Jaeckel to second
Batting: RHB Sixto Estrada 0-0: Ball
1-0: Ball
2-0: Ball
3-0: Base on Balls
Cody Jaeckel to third
Rubén Medina to second
Batting: LHB Daniel García 0-0: Called Strike
0-1: Ball
1-1: Ball
2-1: Foul Ball, location: 2F
2-2: SINGLE (Line Drive, 89S)
Cody Jaeckel scores
Rubén Medina to third
Sixto Estrada to second
Runner from 3rd tries for Home, SAFE, no throw
Batting: LHB Michael Ward 0-0: Fly out, F7 (Line Drive, 78M)
Top of the 2nd over - 2 runs, 1 hit, 0 errors, 2 left on base; Calgary 2 - Baltimore 0
BOTTOM OF THE 2ND
Baltimore Black Sox batting - Pitching for Calgary Lynx : RHP Xiao-shuang Wong
Batting: LHB Sergio Rodríguez 0-0: Foul Ball, location: 2F
0-1: Ball
1-1: SINGLE (Line Drive, 9LS)
Batting: LHB Ramón Flores 0-0: Ball
1-0: Foul Ball, location: 2F
1-1: Foul Ball, location: 2F
1-2: Foul Ball, location: 2F
1-2: Strikes out swinging
Batting: RHB Raúl Cicerón 0-0: Ball
1-0: Ball
2-0: Called Strike
2-1: Called Strike
2-2: Fly out, F8 (Line Drive, 78D)
Batting: RHB Lee Storment 0-0: Ball
Wild Pitch!
Sergio Rodríguez to second
1-0: Swinging Strike
1-1: Ball
2-1: Ball
3-1: SINGLE (Line Drive, 8RS)
Sergio Rodríguez to third
Runner from 3rd tries for Home, SAFE, no throw
Batting: SHB Alex Mable 0-0: Ball
1-0: Ball
Lee Storment steals 2nd base
2-0: Foul Ball, location: 2F
2-1: Swinging Strike
2-2: Ground out 3-1 (Groundball, 34S)
Bottom of the 2nd over - 1 run, 2 hits, 0 errors, 1 left on base; Calgary 2 - Baltimore 1
TOP OF THE 3RD
Calgary Lynx batting - Pitching for Baltimore Black Sox : RHP Mario Gonzáles
Batting: RHB Ángelo Delgado 0-0: Called Strike
0-1: Ball
1-1: SOLO HOME RUN (Flyball, 7D), Distance : 361 ft
Batting: LHB Juan Aranda 0-0: Foul Ball, location: 2F
0-1: Fly out, F9 (Flyball, 9S)
Batting: RHB José de la Cavallería 0-0: Fly out, F8 (Line Drive, 8LM)
Batting: RHB Luis Delvalle 0-0: Ball
1-0: Ground out 4-3 (Groundball, 4M)
Top of the 3rd over - 1 run, 1 hit, 0 errors, 0 left on base; Calgary 3 - Baltimore 1
BOTTOM OF THE 3RD
Baltimore Black Sox batting - Pitching for Calgary Lynx : RHP Xiao-shuang Wong
Batting: RHB Pedro Torres 0-0: Fly out, F6 (Popup, 6S)
Batting: LHB Tomás Valenzuela 0-0: Ground out 6-3 (Groundball, 6)
Batting: RHB Jeb Sexton 0-0: Fly out, F8 (Flyball, 8LS)
Bottom of the 3rd over - 0 runs, 0 hits, 0 errors, 0 left on base; Calgary 3 - Baltimore 1
TOP OF THE 4TH
Calgary Lynx batting - Pitching for Baltimore Black Sox : RHP Mario Gonzáles
Batting: RHB Cody Jaeckel 0-0: Ball
1-0: Ground out 5-3 (Groundball, 56)
Batting: RHB Rubén Medina 0-0: Ball
1-0: Ball
2-0: Ball
3-0: Called Strike
3-1: Called Strike
3-2: Base on Balls
Batting: RHB Sixto Estrada 0-0: Ball
1-0: SINGLE (Line Drive, 6MD)
Rubén Medina to second
Batting: LHB Daniel García 0-0: Called Strike
0-1: SINGLE (Line Drive, 34)
Rubén Medina to third
Sixto Estrada to second
Runner from 3rd tries for Home, SAFE, throw made home
Batting: LHB Michael Ward 0-0: Ball
1-0: Ball
2-0: Called Strike
2-1: Foul Ball, location: 2F
2-2: Strikes out swinging
Batting: RHB Ángelo Delgado 0-0: Ball
1-0: Swinging Strike
Balk!
Sixto Estrada to third
Daniel García to second
1-1: Ball
2-1: Foul Ball, location: 2F
2-2: Foul Ball, location: 2F
2-2: Fly out, F7 (Flyball, 7S)
Top of the 4th over - 1 run, 2 hits, 0 errors, 2 left on base; Calgary 4 - Baltimore 1
BOTTOM OF THE 4TH
Baltimore Black Sox batting - Pitching for Calgary Lynx : RHP Xiao-shuang Wong
Batting: LHB Shigenobu Ohayashi 0-0: Swinging Strike
0-1: Foul Ball, location: 2F
0-2: Ball
1-2: SINGLE (Flyball, 9LS)
Batting: LHB Sergio Rodríguez 0-0: Ball
1-0: Foul Ball, location: 2F
1-1: Ball
2-1: DOUBLE (Groundball, 3L)
Shigenobu Ohayashi to third
Batting: LHB Ramón Flores 0-0: Ball
Wild Pitch!
Shigenobu Ohayashi scores
Sergio Rodríguez to third
1-0: Ball
2-0: Ball
3-0: Called Strike
3-1: Base on Balls
Batting: RHB Raúl Cicerón 0-0: Ball
1-0: Ball
2-0: Ball
3-0: Base on Balls
Ramón Flores to second
Batting: RHB Lee Storment 0-0: Called Strike
0-1: Ball
1-1: Fielders Choice at 2nd, 3-6 (Groundball, 34)
Sergio Rodríguez scores
Ramón Flores to third
Batting: SHB Alex Mable 0-0: Foul Ball, location: 2F
0-1: Ball
1-1: Foul Ball, location: 2F
1-2: Ball
2-2: Ball
3-2: Base on Balls
Lee Storment to second
Batting: RHB Pedro Torres 0-0: Ball
1-0: Called Strike
1-1: Ball
2-1: Swinging Strike
2-2: GRAND SLAM HOME RUN (Flyball, 7D), Distance : 361 ft
Batting: LHB Tomás Valenzuela 0-0: Ball
1-0: Ball
2-0: Foul Ball, location: 2F
2-1: Ball
3-1: Called Strike
3-2: Strikes out looking
Batting: RHB Jeb Sexton 0-0: Called Strike
0-1: Ball
1-1: Ball
2-1: Ground out 3-1 (Groundball, 34S)
Bottom of the 4th over - 6 runs, 3 hits, 0 errors, 0 left on base; Calgary 4 - Baltimore 7
TOP OF THE 5TH
Calgary Lynx batting - Pitching for Baltimore Black Sox : RHP Mario Gonzáles
Batting: LHB Juan Aranda 0-0: Called Strike
0-1: Ball
1-1: Called Strike
1-2: SINGLE (Groundball, 4MD)
Batting: RHB José de la Cavallería 0-0: Ball
1-0: Swinging Strike
1-1: Ball
Wild Pitch!
Juan Aranda to second
2-1: Foul Ball, location: 2F
2-2: Ball
3-2: Foul Ball, location: 2F
3-2: Base on Balls
Batting: RHB Luis Delvalle 0-0: Fly out, F9 (Flyball, 89S)
Batting: RHB Cody Jaeckel 0-0: Ball
1-0: Ball
2-0: Called Strike
2-1: Foul Ball, location: 2F
2-2: Ball
3-2: Fly out, F5 (Popup, 6S)
Batting: RHB Rubén Medina 0-0: Foul Ball, location: 2F
0-1: Fielders Choice at 2nd, 5-4 (Groundball, 56)
Top of the 5th over - 0 runs, 1 hit, 0 errors, 2 left on base; Calgary 4 - Baltimore 7
BOTTOM OF THE 5TH
Baltimore Black Sox batting - Pitching for Calgary Lynx : RHP Xiao-shuang Wong
Batting: LHB Shigenobu Ohayashi 0-0: Called Strike
0-1: Ball
1-1: Called Strike
1-2: SINGLE (Line Drive, 4D)
Batting: LHB Sergio Rodríguez 0-0: Ball
1-0: Called Strike
Shigenobu Ohayashi is caught stealing 2nd base
1-1: Ball
2-1: Ground out 5-3 (Groundball, 6)
Batting: LHB Ramón Flores 0-0: Ball
1-0: Foul Ball, location: 2F
1-1: Called Strike
1-2: Ground out 4-3 (Groundball, 4)
Bottom of the 5th over - 0 runs, 1 hit, 0 errors, 0 left on base; Calgary 4 - Baltimore 7
TOP OF THE 6TH
Calgary Lynx batting - Pitching for Baltimore Black Sox : RHP Mario Gonzáles
Batting: RHB Sixto Estrada 0-0: Ball
1-0: Ground out 6-3 (Groundball, 6)
Batting: LHB Daniel García 0-0: Called Strike
0-1: Swinging Strike
0-2: Ball
1-2: Foul Ball, location: 2F
1-2: Ground out 4-3 (Groundball, 4S)
Batting: LHB Michael Ward 0-0: Called Strike
0-1: Fly out, F8 (Flyball, 8RM)
Top of the 6th over - 0 runs, 0 hits, 0 errors, 0 left on base; Calgary 4 - Baltimore 7
BOTTOM OF THE 6TH
Baltimore Black Sox batting - Pitching for Calgary Lynx : RHP Xiao-shuang Wong
Pitching: RHP Héctor Pérez
Batting: RHB Raúl Cicerón 0-0: Called Strike
0-1: Ball
1-1: Fly out, F6 (Line Drive, 56D)
Batting: RHB Lee Storment 0-0: Ball
1-0: Ball
2-0: Called Strike
2-1: Swinging Strike
2-2: SINGLE (Groundball, 34) (infield hit)
Batting: SHB Alex Mable 0-0: Ball
1-0: SINGLE (Groundball, 4MD)
Lee Storment to second
Batting: RHB Pedro Torres 0-0: Ball
Wild Pitch!
Lee Storment to third
Alex Mable to second
1-0: Ball
2-0: Ball
3-0: Base on Balls
Batting: LHB Tomás Valenzuela 0-0: Foul Ball, location: 2F
0-1: Swinging Strike
0-2: Ball
1-2: Foul Ball, location: 2F
1-2: Ball
2-2: SINGLE (Groundball, 4D)
Lee Storment scores
Alex Mable to third
Pedro Torres to second
Runner from 3rd tries for Home, SAFE, no throw
Batting: RHB Jeb Sexton 0-0: Ball
1-0: Ball
2-0: Called Strike
2-1: Fly out, F8 (Flyball, 89M)
Batting: LHB Shigenobu Ohayashi 0-0: Ball
1-0: Called Strike
1-1: Swinging Strike
1-2: Foul Ball, location: 2F
1-2: SINGLE (Groundball, 34) (infield hit)
Pedro Torres to third
Tomás Valenzuela to second
Batting: LHB Sergio Rodríguez 0-0: Called Strike
0-1: Ground out 4-3 (Groundball, 4)
Bottom of the 6th over - 2 runs, 4 hits, 0 errors, 3 left on base; Calgary 4 - Baltimore 9
TOP OF THE 7TH
Calgary Lynx batting - Pitching for Baltimore Black Sox : RHP Mario Gonzáles
Batting: RHB Ángelo Delgado 0-0: Ground out 5-3 (Groundball, 5)
Batting: LHB Juan Aranda 0-0: Fly out, F9 (Flyball, 9LM)
Batting: RHB José de la Cavallería 0-0: Ball
1-0: Ball
2-0: Called Strike
2-1: Ball
3-1: Swinging Strike
3-2: Base on Balls
Batting: RHB Luis Delvalle 0-0: Called Strike
0-1: DOUBLE (Flyball, 89XD)
José de la Cavallería to third
Runner from 3rd tries for Home, SAFE, no throw
Pitching: LHP Luis Vega
Batting: RHB Cody Jaeckel 0-0: Ball
1-0: Called Strike
1-1: Swinging Strike
1-2: Ball
2-2: Ground out 4-3 (Groundball, 4M)
Top of the 7th over - 1 run, 1 hit, 0 errors, 1 left on base; Calgary 5 - Baltimore 9
BOTTOM OF THE 7TH
Baltimore Black Sox batting - Pitching for Calgary Lynx : RHP Héctor Pérez
Batting: LHB Ramón Flores 0-0: Ball
1-0: Ground out 3-1 (Groundball, 34S)
Batting: RHB Raúl Cicerón 0-0: Ball
1-0: Ball
2-0: Called Strike
2-1: Ground out 5-3 (Groundball, 5L)
Batting: RHB Lee Storment 0-0: Ball
1-0: Ball
2-0: Foul Ball, location: 2F
2-1: Foul Ball, location: 2F
2-2: Foul Ball, location: 2F
2-2: Ball
3-2: Foul Ball, location: 2F
3-2: Strikes out looking
Bottom of the 7th over - 0 runs, 0 hits, 0 errors, 0 left on base; Calgary 5 - Baltimore 9
TOP OF THE 8TH
Calgary Lynx batting - Pitching for Baltimore Black Sox : LHP Luis Vega
Batting: RHB Rubén Medina 0-0: Ball
1-0: Called Strike
1-1: Called Strike
1-2: Ball
2-2: Foul Ball, location: 2F
2-2: Ball
3-2: Base on Balls
Batting: RHB Sixto Estrada 0-0: Ball
1-0: Ball
2-0: Foul Ball, location: 2F
2-1: Fly out, F3 (Popup, 34S)
Batting: LHB Daniel García 0-0: Ball
1-0: Grounds into double play, 4-6-3 (Groundball, 4M)
Top of the 8th over - 0 runs, 0 hits, 0 errors, 0 left on base; Calgary 5 - Baltimore 9
BOTTOM OF THE 8TH
Baltimore Black Sox batting - Pitching for Calgary Lynx : RHP Héctor Pérez
Batting: SHB Alex Mable 0-0: Ball
1-0: Called Strike
1-1: Hit by Pitch
Batting: RHB Pedro Torres 0-0: Ball
1-0: Sac Bunt - play at first, batter OUT! 5-4
Alex Mable to second
Batting: LHB Tomás Valenzuela 0-0: Ball
1-0: Ball
2-0: Ground out 5-3 (Groundball, 56)
Batting: RHB Jeb Sexton 0-0: Fly out, F9 (Line Drive, 9LM)
Bottom of the 8th over - 0 runs, 0 hits, 0 errors, 1 left on base; Calgary 5 - Baltimore 9
TOP OF THE 9TH
Calgary Lynx batting - Pitching for Baltimore Black Sox : LHP Luis Vega
Batting: LHB Michael Ward 0-0: Called Strike
0-1: Ball
1-1: Fly out, F9 (Flyball, 9)
Batting: RHB Ángelo Delgado 0-0: Foul Ball, location: 2F
0-1: Ball
1-1: Ball
2-1: SINGLE (Groundball, 6MD)
Batting: LHB Juan Aranda 0-0: Called Strike
0-1: Swinging Strike
0-2: Strikes out swinging
Batting: RHB José de la Cavallería 0-0: Ball
1-0: Ball
2-0: Swinging Strike
2-1: Swinging Strike
2-2: Strikes out swinging
Top of the 9th over - 0 runs, 1 hit, 0 errors, 1 left on base; Calgary 5 - Baltimore 9
Saturday, December 22nd, 2018 - OOTP Baseball 18.8 Build 76